 Dungeon Crawl Stone Soup version 0.25.1-2-g60ff931df9 (webtiles) character file.

Game seed: 14093292670751826277

247 Exodus22XD the Poker (level 6, -1/49 HPs)
             Began as a Merfolk Abyssal Knight on Nov 7, 2020.
             Was a Believer of Lugonu.
             Slain by a howler monkey skeleton (2 damage)
             ... while paralysed by Grinder
             ... on level 4 of the Dungeon.
             The game lasted 00:06:01 (3774 turns).

Exodus22XD the Poker (Merfolk Abyssal Knight)       Turns: 3774, Time: 00:06:02

Health: -1/49      AC:  0    Str: 14      XL:     6   Next: 11%
Magic:  7/7        EV:  3    Int: 11      God:    Lugonu [**....]
Gold:   218        SH:  0    Dex: 11 (14) Spells: 5/5 levels left

rFire    . . .     SeeInvis .   (weapon currently unavailable)
rCold    . . .     Gourm    .   (shield currently unavailable)
rNeg     . . .     Faith    +   (armour currently unavailable)
rPois    .         Spirit   .   (helmet currently unavailable)
rElec    .         Reflect  .   (cloak currently unavailable)
rCorr    .         Harm     .   (gloves currently unavailable)
MR       .....                  (boots currently unavailable)
Stlth    +.........             u - amulet of faith
HPRegen  0.16/turn              (ring currently unavailable)
MPRegen  0.10/turn              (ring currently unavailable)

@: paralysed, pig-form (expiring), very quick
A: small, (change form in water), (swift swim), (stealthy swim)
a: Depart the Abyss, Bend Space, Renounce Religion


You were on level 4 of the Dungeon.
You worshipped Lugonu.
Lugonu was pleased with you.
You were hungry.
You were a filthy swine.
You visited 1 branch of the dungeon, and saw 4 of its levels.
You visited the Abyss 1 time.

You collected 218 gold pieces.

Inventory:

Hand Weapons
 a - a +1 spear
 g - a +2 quarterstaff of protection (melded)
 m - a +0 dagger
Armour
 d - a +0 scale mail (melded)
 e - a +2 hat (melded)
 i - a +1 pair of gloves (melded)
Jewellery
 o - a cursed ring of teleportation (melded)
 p - an uncursed amulet of the acrobat
 u - an amulet of faith (around neck)
Scrolls
 b - a scroll of enchant armour
 f - 2 scrolls of enchant weapon
 h - a scroll of immolation {unknown}
 l - 2 scrolls of teleportation {unknown}
 n - a scroll of magic mapping {unknown}
 r - a scroll of fog {unknown}
 t - a scroll of amnesia {unknown}
 w - a scroll of random uselessness {unknown}
 x - a scroll of blinking {unknown}
Potions
 j - a potion of flight
 k - a potion of cancellation {unknown}
 q - a potion of stabbing {unknown}
 z - a potion of haste {unknown}
Comestibles
 c - 8 rations


   Skills:
 + Level 4.6 Fighting
 + Level 4.9 Polearms
 + Level 2.4 Armour
 + Level 4.1 Dodging
 + Level 0.1 Stealth
 + Level 2.0 Invocations


You had 5 spell levels left.
You didn't know any spells.
Your spell library was empty.

Dungeon Overview and Level Annotations

Branches:
Dungeon (4/15)
 Temple: D:4-7

Altars:
Makhleb
Qazlal
Yredelemnul

Annotations:
D:4 Eustachio, Grinder


Message History

Grinder is moderately wounded.
Grinder misses you.
You closely miss Grinder.
Grinder is moderately wounded.
Grinder hits you!
* * * LOW HITPOINT WARNING * * *
You hit Grinder.
Grinder is heavily wounded.
Grinder zaps a wand.
You hit Grinder but do no damage.
Grinder is heavily wounded.
Your transformation is almost over.
Grinder hits you!
* * * LOW HITPOINT WARNING * * *
You writhe in agony.
* * * LOW HITPOINT WARNING * * *
Grinder gestures at you.
You suddenly lose the ability to move!
The howler monkey skeleton hits you.
You die...

#....## # #.....#
.##.....##
.........## ##
..........## #..
........!..###...
#.....5........#
#=..Z......#
##...h....##
#......###
##.....$##
##........##
#........)..##
.....(....<..##
...#.%.........##
.####......†....##
##....##.....#


You could see Grinder and a howler monkey skeleton.

Vanquished Creatures
  A howler monkey (D:4)
  An iron imp (D:3)
  Natasha (D:2)
  A worker ant (D:2)
  Terence (D:2)
  Robin (D:2)
  2 adders (D:3)
  4 worms
  A dart slug (D:1)
  An orc (D:2)
  A ball python (D:1)
  A giant cockroach (D:3)
  21 goblins
  7 hobgoblins
  2 jackals (D:1)
  3 quokkas (D:3)
  4 bats
  A frilled lizard (D:3)
  2 gnoll zombies (D:3)
  7 kobolds
  6 rats
69 creatures vanquished.

Notes
Turn   | Place    | Note
-------+----------+-------------------------------------------
     0 | Abyss:1  | Exodus22XD the Merfolk Abyssal Knight began the quest for
                  | the Orb.
     0 | Abyss:1  | Reached XP level 1. HP: 18/18 MP: 2/2
    32 | Abyss:1  | Found a corrupted altar of Lugonu.
    46 | Abyss:1  | Found a corrupted altar of Lugonu.
    71 | D:1      | Escaped the Abyss
   144 | D:1      | Reached XP level 2. HP: 20/24 MP: 3/3
   833 | D:1      | Reached XP level 3. HP: 28/30 MP: 4/4
   926 | D:2      | Reached skill level 1 in Armour
  1010 | D:2      | Noticed Robin
  1020 | D:2      | Reached ** piety under Lugonu
  1065 | D:2      | Killed Robin
  1390 | D:2      | Noticed Terence
  1426 | D:2      | Killed Terence
  1426 | D:2      | Reached XP level 4. HP: 23/37 MP: 5/5
  1545 | D:2      | Noticed Natasha
  1567 | D:2      | Killed Natasha
  1772 | D:2      | Noticed an orc warrior
  2229 | D:2      | Reached XP level 5. HP: 4/42 MP: 6/6
  2660 | D:3      | Found a faded altar of an unknown god.
  2849 | D:3      | Found a basalt altar of Yredelemnul.
  2895 | D:3      | Found a stormy altar of Qazlal.
  3097 | D:3      | Found a burning altar of Makhleb.
  3303 | D:4      | Noticed Eustachio
  3737 | D:4      | Reached XP level 6. HP: 39/49 MP: 7/7
  3743 | D:4      | Noticed Grinder
  3755 | D:4      | Paralysed by Grinder for 2 turns
  3772 | D:4      | HP: 1/49 [Grinder (2)]
  3773 | D:4      | Paralysed by Grinder for 2 turns
  3774 | D:4      | Slain by a howler monkey skeleton

Illustrated notes

Levels and vault maps discovered:
D:1:      moated_graveyard_arrival, layout_basic, minmay_tromino_mix6
D:2:      layout_loops_ring, first_ration, uniq_robin, uniq_natasha,
          uniq_terence
D:3:      layout_basic, grunt_qazlal_sundering, makhleb_grotto_becter,
          lemuel_zombie_altar_yredelemnul, chequers_ecumenical_altar_simple
D:4:      layout_layer_cave, lemuel_coloured_pillars_altar, uniq_eustachio,
          uniq_grinder

Skill      XL: |  1  2  3  4  5 |
---------------+----------------+-----
Dodging        | 3 4 |  4.1
Armour         | 1 2 |  2.4
Polearms       | 4 |  4.9
Fighting       | 4 |  4.6
Stealth        | |  0.1
Invocations    | |  2.0

Action                   |  1- 3 |  4- 6 || total
-------------------------+-------+-------++-------
Melee: Spear             |   148 |    79 ||   227
       Quarterstaff      |       |   132 ||   132
       Unarmed           |       |    14 ||    14
  Use: Scroll            |       |     4 ||     4
       Potion            |       |     5 ||     5
  Eat: Chunk             |     1 |     8 ||     9
Armor: Scale mail        |    49 |   278 ||   327
Dodge: Dodged            |    62 |   328 ||   390
